Match 30515389
Unlisted

Match 30515389
End
Construct Barracks
Selects Special Operations Battlegroup
Riflemen Squad
Riflemen Squad
Riflemen Squad
M1 Mortar Team
Selects Raiding Flares
Infantry Support Center
Grenade Package
M1918 Browning Automatic Rifles
Construct Motor Pool
M1 Anti-tank Gun Team
Snoopy
iAinEng
DITELOCK
Akaxiya
楠子
captain yegor
周六let's go周日no no no
千石抚子
0
0

Comments sign in to comment!

No comments posted yet!